 Dungeon Sprint DCSS version 0.26-a0-1040-gbe3abf3417 (webtiles) character file.

Game seed: 16683186200811198646

23097 sahdkjhfkaj the Peltast (level 12, -3/120 HPs)
             Began as a Deep Dwarf Fighter on Dec 12, 2020.
             Was the Champion of Makhleb.
             Slain by an emperor scorpion (9 damage)
             ... summoned by a royal mummy
             ... in the Dungeon (Sprint V: "Ziggurat Sprint").
             The game lasted 00:02:13 (382 turns).

sahdkjhfkaj the Peltast (Deep Dwarf Fighter)         Turns: 382, Time: 00:02:13

Health: -3/120     AC: 31    Str: 35    XL:     12   Next: 68%
Magic:  10/10      EV: 10    Int: 11    God:    Makhleb [******]
Gold:   0          SH: 34    Dex: 12    Spells: 11/11 levels left

rFire    . . .     SeeInvis +   a - +14 obsidian axe {vorpal, +Fly SInv *Curse} (curse)
rCold    . . .     Faith    .   G - +18 shield of the Gong {rElec rN+ Will+ EV-5}
rNeg     + . .     Spirit   .   F - +15 Maxwell's patent armour {-Cast -Tele rElec Will+ rCorr}
rPois    .         Reflect  .   (no helmet)
rElec    +         Harm     .   (no cloak)
rCorr    +         Rampage  .   (no gloves)
Will     +++..     NoTele   +   (no boots) Stlth ..........NoCast +
                                (no amulet)
HPRegen  0.00/turn              z - +6 ring of strength
MPRegen  0.12/turn              A - +6 ring of strength

@: lethally poisoned (-3 -> -61), mesmerised, non-regenerating, slowed, very
slow
A: damage resistance, heal wounds, low mp 1, sense surroundings 2, no
regeneration
a: Heal Wounds, Minor Destruction, Lesser Servant of Makhleb, Major Destruction,
Greater Servant of Makhleb, Renounce Religion, Evoke Flight


You were in the Dungeon.
You worshipped Makhleb.
Makhleb was exalted by your worship.
You visited 1 branch

Inventory:

Hand Weapons
 a - the cursed +14 obsidian axe (weapon) {vorpal, +Fly SInv *Curse}
   (You found it in the Dungeon)

   It inflicts extra damage upon your enemies.
   It lets you see invisible.
   It lets you fly.
   It curses itself when equipped.
   It has a curse placed upon it.
Armour
 F - the +15 Maxwell's patent armour (worn) {-Cast -Tele rElec Will+ rCorr}
   (You found it in the Dungeon)

   It insulates you from electricity.
   It affects your willpower, your defense against some magical effects.
   It prevents spellcasting.
   It prevents most forms of teleportation.
   It provides partial protection from all sources of acid and corrosion.
 G - the +18 shield of the Gong (worn) {rElec rN+ Will+ EV-5}
   (You found it in the Dungeon)

   It affects your evasion (-5).
   It insulates you from electricity.
   It protects you from negative energy.
   It affects your willpower, your defense against some magical effects.
Jewellery
 u - an uncursed ring of flight
 v - a +6 ring of dexterity
 w - a +6 ring of dexterity
 x - a +6 ring of intelligence
 y - a +6 ring of intelligence
 z - a +6 ring of strength (left hand)
 A - a +6 ring of strength (right hand)
Wands
 B - a wand of disintegration (7)
 C - a wand of iceblast (7)
 D - a wand of acid (7)
Scrolls
 j - 4 scrolls of blinking
 o - 4 scrolls of amnesia
 p - 7 scrolls of fog
 q - a scroll of holy word
 r - 5 scrolls of identify
 s - 5 scrolls of remove curse
 t - 2 scrolls of fear
Potions
 d - 6 potions of might
 e - 10 potions of curing
 f - 10 potions of heal wounds
 g - 5 potions of haste
 h - 7 potions of magic
 i - 3 potions of berserk rage
 k - a potion of brilliance
 l - a potion of invisibility
 m - 3 potions of resistance
Miscellaneous
 b - a condenser vane
 E - a lightning rod (4/4)


   Skills:
 + Level 11.6 Fighting
 * Level 17.9 Axes
 + Level 13.4 Armour
 + Level 13.0 Dodging
 * Level 17.9 Shields
 + Level 13.5 Evocations


You had 11 spell levels left.
You didn't know any spells.
Your spell library was empty.

Dungeon Overview and Level Annotations

Branches:
Dungeon (1/1)

Altars:
Ashenzari
Cheibriados
Dithmenos
Elyvilon
Fedhas
Gozag
Hepliaklqana
Kikubaaqudgha
Makhleb
Nemelex Xobeh
Okawaru
Qazlal
Ru
Sif Muna
Trog
Uskayaw
Vehumet
Wu Jian
Xom
Yredelemnul
Zin
The Shining One
Beogh
Jiyva
Lugonu

Annotations:
D 1 transporter


Innate Abilities, Weirdness & Mutations

You are resistant to damage.
You can heal yourself by infusing magical energy.
You passively map the area around you.
You do not regenerate.
Your magical capacity is low. (-10% MP)


Message History

You block the emperor scorpion's attack.
PANG!
You block the emperor scorpion's attack.
PTOANNNG!
The emperor scorpion barely misses you. The emperor scorpion stings you!!
* * * LOW HITPOINT WARNING * * *
You are poisoned.
The emperor scorpion poisons you!
The emperor scorpion claws you but does no damage.
The emperor scorpion claws you.
The emperor scorpion stings you but does no damage.
The emperor scorpion barely misses you.
The emperor scorpion claws you but does no damage.
The emperor scorpion stings you!
* * * LOW HITPOINT WARNING * * *
You are lethally poisoned!
The emperor scorpion poisons you!
The emperor scorpion completely misses you.
The emperor scorpion claws you!
You die...

** ** * *▓▓▓▓▓▓▓▓▓▓ © ,,
▓....8©8....▓▓.8©8.▓.8© ,
, ▓.."..}.})..▓▓.:[:.▓.=)
, ▓...=:?:[[..▓▓..)..▓...
▓...........▓▓.....▓... ,
, ▓...........▓▓..†..▓...
, ,
▓....MMM....▓▓.....▓... ,
, ,
▓...ZsssM...▓▓..©..▓..©
▓....M@Ms...▓▓▓▓▓▓▓▓▓▓▓ ,
▓..▓.Mss4▓..▓..8©8...▓. ,
* ▓......ss...▓..}}}...▓.
, , ,
,▓.....©.....▓...3....▓.
,, ▓▓▓▓▓▓▓▓▓▓▓▓▓........▓.
,
,,,▓....8©8....▓........▓.
▓..)[.))}}..▓.▓....▓.▓. ©
▓...}.3:==..▓...©....▓. ,
, ▓.....44....▓▓▓▓▓▓▓▓▓▓▓


You could see a royal mummy, 8 emperor scorpions, an orange demon (summoned), 3
guardian mummies, 3 mummies and a quokka zombie.

Vanquished Creatures
  A deep elf master archer (D)
  A stone giant (D)
  A merfolk javelineer (D)
  An ice dragon (D)
  3 vault guards (D)
  A hydra (D)
  A spriggan air mage (D)
  An ogre mage (D)
  A centaur warrior (D)
  2 two-headed ogres (D)
  A spriggan berserker (D)
  A hell hog (D)
  A necromancer (D)
  3 cyclopes (D)
  2 naga magi (D)
  2 cane toads (D)
  An efreet (D)
  2 guardian mummies (D)
  6 yaktaurs (D)
  An ice devil (D)
  3 flying skulls (D)
  3 shadows (D)
  A basilisk (D)
  A yak (D)
  A wraith (D)
  2 fire elementals (D)
  4 nagas (D)
  2 water moccasins (D)
  A floating eye (D)
  A necrophage (D)
  An ice beast (D)
  An eye of draining (D)
  A centaur (D)
  2 ogres (D)
  6 wights (D)
  A crimson imp (D)
  A quasit (D)
  2 jellies (D)
  2 orc wizards (D)
  2 mummies (D)
  3 adders (D)
  A shadow imp (D)
  3 white imps (D)
  2 ufetubi (D)
  2 adder zombies (D)
  An adder skeleton (D)
  A ball python (D)
  A bat skeleton (D)
  A bat zombie (D)
  A quokka skeleton (D)
  A quokka zombie (D)
  2 fire vortices (D)
90 creatures vanquished.

Vanquished Creatures (collateral kills)
  A spriggan air mage (D)
  A hydra (D)
  A vault guard (D)
  A two-headed ogre (D)
  A skeletal warrior (D)
  A cyclops (D)
  2 black mambas (D)
  A freezing wraith (D)
  A yaktaur (D)
  A dream sheep (D)
  A naga (D)
  An ogre (D)
  A centaur (D)
  A quasit (D)
  An adder skeleton (D)
16 creatures vanquished.

Grand Total: 106 creatures vanquished

Notes
Turn   | Place    | Note
-------+----------+-------------------------------------------
     0 | D        | sahdkjhfkaj the Deep Dwarf Fighter began the quest for the
                  | Orb.
     0 | D        | Reached XP level 1. HP: 20/20 MP: 1/1
     0 | D        | Found a shimmering blue altar of Sif Muna.
     0 | D        | Found a sacrificial altar of Ru.
     0 | D        | Found a bloodstained altar of Trog.
     0 | D        | Found a stormy altar of Qazlal.
     0 | D        | Found an iron altar of Okawaru.
     0 | D        | Found a sparkling altar of Nemelex Xobeh.
     0 | D        | Found a blossoming altar of Fedhas.
     1 | D        | Found the +6 Majin-Bo {vamp, MP+6 Int+6}
     1 | D        | Found the +9 heavy crossbow "Sniper" {vorpal, Acc+∞ SInv}
     1 | D        | Found the +10 dark maul {vorpal}
     1 | D        | Found the +15 Maxwell's patent armour {-Cast -Tele rElec
                  | Will+ rCorr}
     1 | D        | Found the +18 shield of the Gong {rElec rN+ Will+ EV-5}
     1 | D        | Found the cursed +14 obsidian axe {vorpal, +Fly SInv
                  | *Curse}
     1 | D        | Found the +7 great mace "Firestarter" {inner flame, rF++}
     1 | D        | Found the +6 shillelagh "Devastator" {shatter}
     1 | D        | Found the +11 plutonium sword {*Contam Stlth-}
     1 | D        | Found the +8 lance "Wyrmbane" {slay drac, rPois rF+ rC+
                  | AC+3}
     1 | D        | Found the +9 sword of Zonguldrok {reap}
     1 | D        | Found the cursed +13 scythe of Curses {drain, *Curse}
     1 | D        | Found the +0 sword of Power
     1 | D        | Found the +7 mace of Variability {chain chaos}
     1 | D        | Found the +7 Singing Sword {vorpal, sonic wave}
     1 | D        | Found the +8 storm bow {elec, penet}
     2 | D        | Found a transporter.
     2 | D        | Found an ancient bone altar of Kikubaaqudgha.
     2 | D        | Found a viscous altar of Jiyva.
     2 | D        | Found a corrupted altar of Lugonu.
     2 | D        | Found a hazy altar of Hepliaklqana.
     2 | D        | Found a burning altar of Makhleb.
     2 | D        | Found an opulent altar of Gozag.
   100 | D        | Became a worshipper of Makhleb the Destroyer
   107 | D        | Reached skill level 5 in Shields
   107 | D        | Reached XP level 2. HP: 30/30 MP: 2/2
   112 | D        | Entered arena 2.
   112 | D        | Found a transporter.
   115 | D        | Reached skill level 5 in Axes
   115 | D        | Reached XP level 3. HP: 36/36 MP: 3/3
   116 | D        | Reached skill level 5 in Armour
   120 | D        | Entered arena 3.
   120 | D        | Found a transporter.
   123 | D        | Reached * piety under Makhleb
   124 | D        | Reached XP level 4. HP: 43/45 MP: 4/4
   132 | D        | Entered arena 4.
   132 | D        | Noticed a water moccasin
   132 | D        | Found a transporter.
   133 | D        | Found the +3 salamander hide armour {Flames rF++ rC--}
   134 | D        | Reached ** piety under Makhleb
   137 | D        | Reached XP level 5. HP: 51/51 MP: 5/5
   137 | D        | Killed a water moccasin
   138 | D        | Reached skill level 5 in Fighting
   138 | D        | Reached skill level 5 in Dodging
   143 | D        | Entered arena 5.
   143 | D        | Noticed a floating eye
   143 | D        | Noticed an eye of draining
   143 | D        | Found a transporter.
   147 | D        | Paralysed by a floating eye for 3 turns
   151 | D        | Killed an eye of draining
   151 | D        | Reached *** piety under Makhleb
   152 | D        | Reached XP level 6. HP: 61/61 MP: 0/6
   152 | D        | Killed a floating eye
   157 | D        | Entered arena 6.
   157 | D        | Found a transporter.
   159 | D        | Reached **** piety under Makhleb
   162 | D        | Reached XP level 7. HP: 68/68 MP: 1/7
   162 | D        | Reached ***** piety under Makhleb
   169 | D        | Entered arena 7.
   170 | D        | Found a transporter.
   177 | D        | Reached skill level 1 in Evocations
   184 | D        | Entered arena 8.
   184 | D        | Noticed an efreet
   184 | D        | Noticed a hell hog
   184 | D        | Noticed a fire elemental
   184 | D        | Noticed a fire elemental
   186 | D        | Found a transporter.
   188 | D        | Killed a fire elemental
   189 | D        | Reached skill level 10 in Shields
   190 | D        | Killed a fire elemental
   191 | D        | Reached skill level 10 in Axes
   191 | D        | Killed an efreet
   191 | D        | Reached ****** piety under Makhleb
   191 | D        | Killed a hell hog
   192 | D        | Reached skill level 5 in Evocations
   192 | D        | Reached XP level 8. HP: 80/80 MP: 4/8
   199 | D        | Entered arena 9.
   199 | D        | Noticed a yaktaur
   199 | D        | Noticed a vault guard
   199 | D        | Noticed an ogre mage
   199 | D        | Noticed a yaktaur
   199 | D        | Noticed a vault guard
   199 | D        | Noticed a vault guard
   199 | D        | Noticed a vault guard
   200 | D        | Identified the +6 hand axe "Opourph" {vorpal, *Slow +Fly
                  | Str+8 Int+2}
   200 | D        | Found a transporter.
   207 | D        | Killed a yaktaur
   210 | D        | Killed a yaktaur
   211 | D        | Gained mutation: You passively map the area around you.
                  | [Deep Dwarf growth]
   211 | D        | Reached XP level 9. HP: 79/86 MP: 6/9
   213 | D        | Killed a vault guard
   214 | D        | Killed a vault guard
   216 | D        | Killed a vault guard
   217 | D        | Reached skill level 10 in Armour
   217 | D        | Reached XP level 10. HP: 98/98 MP: 7/10
   218 | D        | Killed a vault guard
   223 | D        | Killed an ogre mage
   224 | D        | Reached skill level 10 in Dodging
   233 | D        | Entered arena 10.
   233 | D        | Noticed a naga mage
   233 | D        | Noticed a naga mage
   234 | D        | Found a transporter.
   241 | D        | Killed a naga mage
   241 | D        | Killed a naga mage
   251 | D        | Entered arena 11.
   251 | D        | Noticed a two-headed ogre
   251 | D        | Noticed a cyclops
   251 | D        | Noticed a cyclops
   251 | D        | Noticed a two-headed ogre
   251 | D        | Noticed a two-headed ogre
   251 | D        | Noticed a cyclops
   253 | D        | Found a transporter.
   258 | D        | Killed a two-headed ogre
   259 | D        | Killed a two-headed ogre
   260 | D        | Reached skill level 10 in Evocations
   260 | D        | Killed a two-headed ogre
   261 | D        | Reached skill level 15 in Shields
   261 | D        | Reached XP level 11. HP: 104/106 MP: 11/11
   267 | D        | Reached skill level 15 in Axes
   273 | D        | Entered arena 12.
   273 | D        | Noticed an ice dragon
   275 | D        | Found a transporter.
   280 | D        | Noticed a sixfirhy
   283 | D        | Killed an ice dragon
   284 | D        | Reached skill level 10 in Fighting
   285 | D        | Gained mutation: Your magical capacity is low. (-10% MP) [a
                  | neqoxec]
   296 | D        | Entered arena 13.
   297 | D        | Noticed a skeletal warrior
   297 | D        | Noticed a necromancer
   298 | D        | Found a transporter.
   307 | D        | Killed a necromancer
   309 | D        | Killed a skeletal warrior
   317 | D        | Entered arena 14.
   318 | D        | Noticed a merfolk javelineer
   318 | D        | Noticed a deep elf master archer
   319 | D        | Noticed a stone giant
   319 | D        | Identified the ring of Fula {rF+ rN+++ Dex-3 Slay-4 SInv}
   319 | D        | Noticed a centaur warrior
   320 | D        | Found a transporter.
   327 | D        | Killed a centaur warrior
   332 | D        | Killed a stone giant
   332 | D        | Killed a deep elf master archer
   333 | D        | Reached XP level 12. HP: 118/118 MP: 10/10
   336 | D        | Killed a merfolk javelineer
   341 | D        | Entered arena 15.
   342 | D        | Noticed a four-headed hydra
   342 | D        | Noticed a spriggan air mage
   342 | D        | Noticed a four-headed hydra
   343 | D        | Noticed a spriggan air mage
   344 | D        | Found a transporter.
   351 | D        | Killed a ten-headed hydra
   352 | D        | Killed a ten-headed hydra
   357 | D        | Killed a spriggan air mage
   360 | D        | Killed a spriggan air mage
   368 | D        | Entered arena 16.
   370 | D        | Found the +3 warlock's mirror {reflect}
   370 | D        | Identified the ring of Hisil {AC+4 Str+4}
   370 | D        | Noticed a royal mummy
   370 | D        | Identified the +4 scimitar of Destiny {vorpal, Will+ MP-9
                  | Dex+4}
   371 | D        | Found a transporter.
   372 | D        | Noticed an emperor scorpion
   372 | D        | Noticed an emperor scorpion
   372 | D        | Noticed an emperor scorpion
   381 | D        | Noticed an emperor scorpion
   382 | D        | HP: 6/120 [emperor scorpion[a royal mummy] (9)]
   382 | D        | Slain by an emperor scorpion

Illustrated notes

Levels and vault maps discovered:
D:        sprint_v [room_start, room_1, room_2, room_3, room_4, room_5, room_6,
          room_7, room_8, room_9, room_10, room_11, room_12, room_13, room_14,
          room_15, room_16, room_17, room_18, room_19, room_20, room_21,
          room_22, room_23, room_24, room_25, room_26, room_27]

Skill      XL: |  1  2  3  4  5  6  7  8  9 10 11 12 |
---------------+-------------------------------------+-----
Fighting       | 3 4 5 7 8 9 10 11 | 11.6
Axes           | 4 5 6 8 9 11 13 14 16 17 | 17.9
Armour         | 4 5 6 7 8 9 10 11 12 13 | 13.4
Dodging        | 2 3 4 5 6 7 8 9 10 12 13 | 13.0
Shields        | 5 6 7 9 11 13 15 17 | 17.9
Evocations     | 5 6 8 10 12 13 | 13.5

Action                   |  1- 3 |  4- 6 |  7- 9 | 10-12 || total
-------------------------+-------+-------+-------+-------++-------
Melee: Broad axe         |     3 |    15 |    28 |    85 ||   131
 Abil: Heal Wounds       |       |       |       |     1 ||     1
  Use: Potion            |     5 |       |       |       ||     5
 Stab: Invisible         |     1 |     2 |       |       ||     3
Armor: Plate armour      |     1 |    13 |     9 |    69 ||    92
Dodge: Dodged            |       |       |     4 |    37 ||    41
Block: Kite shield       |     4 |    20 |    50 |   182 ||   256

Table legend: (Time is in decaauts)
 A = Elapsed time spent in this place.
 B = Non-inter-level travel time spent in this place.
 C = Inter-level travel time spent in this place.
 D = Time resting spent in this place.
 E = Time spent auto-exploring this place.
 F = Levels seen in this place.
 G = Mean time per level.
                   A        B        C        D        E       F      G
               +--------+--------+--------+--------+--------+-----+--------+
         Total |    367 |    367 |      0 |      0 |     21 |   1 |  367.0 |
       Dungeon |    367 |    367 |      0 |      0 |     21 |   1 |  367.0 |
               +--------+--------+--------+--------+--------+-----+--------+

Top non-repeatable levels by time:
       D: 367 daAuts
